 Dungeon Crawl Stone Soup version 0.28-a0-793-g31680bbd8b (webtiles) character file.

Game seed: 7883024838809981330

791 Fenrisus the Ruffian (level 7, -4/52 HPs)
             Began as a Pale Draconian Transmuter on Nov 5, 2021.
             Killed by an exploding river rat (18 damage)
             ... ignited by their inner flame
             ... on level 5 of the Dungeon.
             The game lasted 00:32:01 (4448 turns).

Fenrisus the Ruffian (Pale Draconian Transmuter)    Turns: 4448, Time: 00:32:01

Health: -4/52      AC: 13    Str: 13    XL:     7   Next: 57%
Magic:  10/13      EV: 12    Int: 14    God:
Gold:   685        SH:  0    Dex: 12    Spells: 8/14 levels left

rFire   . . .      SeeInvis .   l - +0 staff of Battle
rCold   + . .      Faith    .   (no shield)
rNeg    . . .      Spirit   .   (armour unavailable)
rPois   .          Reflect  .   (helmet restricted)
rElec   .          Harm     .   (no cloak)
rCorr   .          Rampage  +   (no gloves)
Will    .....                   e - +2 pair of boots {rampage}
Stlth   ++........              o - amulet of regeneration
HPRegen 1.17/turn               b - ring of protection from cold
MPRegen 0.13/turn               k - +4 ring of protection

@: no status effects
A: breathe steam, AC +6, unfitting armour, cold-blooded, steam resistance
a: Breathe Steam


You were on level 5 of the Dungeon.
You visited 1 branch of the dungeon, and saw 5 of its levels.

You collected 1045 gold pieces.
You spent 360 gold pieces at shops.

Inventory:

Hand Weapons
 l - the +0 staff of Battle (weapon)
   (You acquired it on level 5 of the Dungeon)

   It enhances your conjuration magic.
   It summons a battlesphere in combat, with strength depending on Conjurations
   skill.
   Its strikes trigger the battlesphere's blasts.
Armour
 e - a +2 pair of boots of rampaging (worn)
 f - a +0 pair of gloves
Magical Staves
 c - a staff of poison
Jewellery
 b - a ring of protection from cold (left hand)
 i - an amulet of magic regeneration
 j - a +6 ring of intelligence
 k - a +4 ring of protection (right hand)
 o - an amulet of regeneration (around neck)
 r - a ring of poison resistance
Wands
 n - a wand of polymorph (1)
 p - a wand of flame (11)
Scrolls
 d - a scroll of enchant weapon
 g - a scroll of summoning
Potions
 a - 2 potions of berserk rage


   Skills:
 + Level 1.5 Fighting
 + Level 1.7 Staves
 + Level 3.3 Dodging
 + Level 1.5 Stealth
 + Level 5.7 Unarmed Combat
 + Level 4.1 Spellcasting
 + Level 3.7 Transmutations
 + Level 0.7 Poison Magic


You had 8 spell levels left.
You knew the following spells:

 Your Spells              Type           Power      Damage    Failure   Level
a - Beastly Appendage     Tmut           26%        N/A       4%          1
b - Wereblood             Tmut           13%        N/A       6%          2
c - Spider Form           Tmut/Pois      9%         N/A       22%         3

Your spell library contained the following spells:

 Spells                   Type           Power      Damage    Failure   Level
 Dazzling Flash           Conj/Hex       8%         N/A       50%         3
 Ice Form                 Ice/Tmut       8%         N/A       65%         4
 Agony                    Necr           2%         N/A       99%         5
 Silence                  Hex/Air        1%         N/A       99%         5


Dungeon Overview and Level Annotations

Branches:
Dungeon (5/15)
 Temple: D:4-7

Altars:
Fedhas
Hepliaklqana
Zin

Shops:
D:1 =


Innate Abilities, Weirdness & Mutations

You can breathe blasts of scalding, opaque steam.
Your pale cyan-grey scales are hard. (AC +6)
You cannot fit into any form of body armour.
You are cold-blooded and may be slowed by cold attacks.
You are immune to the effects of steam.


Message History

You feel clever all of a sudden.
The quokka bites you but does no damage.
The gnoll hits you with a +0 club.
* * * LOW HITPOINT WARNING * * *
The river rat closely misses you.
The river rat bites you but does no damage.
The quokka closely misses you.
It was a potion of invisibility.
You fade into invisibility!
The gnoll closely misses you. The river rat misses you. x2
The quokka barely misses you.
You are very lightly contaminated with residual magic.
It was a potion of cancellation.
Your magical effects are unravelling.
You feel magically purged.
Your magical contamination has completely faded away.
You flicker back into view.
You feel a little less clever now. The gnoll hits you with a +0 club.
* * * LOW HITPOINT WARNING * * *
The river rat barely misses you.
The quokka bites you but does no damage.
The river rat barely misses you.
As you read the scroll of immolation, it crumbles to dust.
The creatures around you are filled with an inner flame!
The rat twitches its whiskers.
The gnoll hits you but does no damage.
The river rat bites you but does no damage.
The quokka closely misses you. The river rat closely misses you.
Aiming: Throw Flame
Press: ? - help, Shift-Dir - straight line, f - river rat
Aim: a river rat (inner flame, 64% to hit)
The puff of flame hits the river rat.
Flame seeps out of the river rat.
The river rat is lightly wounded.
The gnoll hits you with a +0 club.
* * * LOW HITPOINT WARNING * * *
The quokka barely misses you.
The river rat is engulfed in blazing flames.
The river rat explodes!
The fiery explosion engulfs you!!
You die...

.............#.# #.#
.#.#...........####.#
.#.###..............#
.#.# ################
.#.# .## .#.# ..*##
.#.# #....# .#.#
###rr...# .#
#○@rrg..# .#
##g##r...# .# ##rr#
..## .# ##g### ?# .#
##r#...## .# .#.#
#..####.# .# .#.#
##.## .# # ##.# #.##
#.# #.# #..###.##


You could see 3 gnolls, a river rat (inner flame, ally target), 3 quokkas, 4
rats and a friendly battlesphere.

Vanquished Creatures
  Grinder (D:3)
  A sky beast (D:5)
  A phantom (D:3)
  An orc priest (D:5)
  A gnoll shaman (D:5)
  2 hounds (D:5)
  A bullfrog skeleton (D:3)
  2 iguanas
  An orc wizard (D:5)
  4 gnolls
  5 adders
  6 river rats (D:5)
  2 worms
  A dart slug (D:3)
  3 orcs (D:5)
  8 ball pythons
  8 bats
  3 endoplasms
  13 giant cockroaches
  2 goblins
  8 hobgoblins
  3 jackals (D:5)
  7 kobolds
  3 quokkas
  3 frilled lizards
  A goblin zombie (D:4)
  A hobgoblin zombie (D:4)
  A jackal zombie (D:4)
  9 rats
102 creatures vanquished.

Notes
Turn   | Place    | Note
-------+----------+-------------------------------------------
     0 | D:1      | Fenrisus the Draconian Transmuter began the quest for the
                  | Orb.
     0 | D:1      | Reached XP level 1. HP: 16/16 MP: 3/3
    87 | D:1      | Found Biunt's Jewellery Shoppe.
   257 | D:1      | Reached XP level 2. HP: 23/23 MP: 3/5
   857 | D:2      | Found a hazy altar of Hepliaklqana.
  1118 | D:2      | Reached XP level 3. HP: 25/28 MP: 6/6
  1286 | D:2      | Found a faded altar of an unknown god.
  1490 | D:2      | Identified a scroll of acquirement
  1490 | D:2      | Acquired a +2 pair of boots of rampaging
  1562 | D:3      | Noticed Grinder
  1577 | D:3      | Reached XP level 4. HP: 34/35 MP: 7/7
  1587 | D:3      | Killed Grinder
  1588 | D:3      | Reached skill level 4 in Unarmed Combat
  1588 | D:3      | Reached XP level 5. HP: 30/40 MP: 7/9
  1722 | D:3      | Reached XP level 6. HP: 47/47 MP: 10/10
  1834 | D:3      | Acquired 859 gold pieces
  2006 | D:1      | Bought an amulet of regeneration for 360 gold pieces
  2100 | D:3      | Learned a level 2 spell: Wereblood
  2195 | D:3      | Reached skill level 5 in Unarmed Combat
  2531 | D:3      | Found a glowing silver altar of Zin.
  3097 | D:4      | Learned a level 3 spell: Spider Form
  3101 | D:4      | Found a sand-covered staircase.
  3374 | D:4      | Found a blossoming altar of Fedhas.
  3814 | D:5      | Entered Level 5 of the Dungeon
  3884 | D:5      | Acquired the +0 staff of Battle
  3884 | D:5      | Found the +0 staff of Battle
  3919 | D:5      | Reached skill level 1 in Staves
  3929 | D:5      | Reached skill level 1 in Stealth
  3997 | D:5      | Your scales start taking on a pale cyan-grey colour.
  3997 | D:5      | Reached XP level 7. HP: 52/52 MP: 12/12
  3997 | D:5      | Gained mutation: You are immune to the effects of steam.
                  | [Pale Draconian growth]
  4448 | D:5      | Killed by an exploding river rat... ignited by their inner
                  | flame

Illustrated notes

Levels and vault maps discovered:
D:1:      roderic_crop_circles_arrival_small, layout_basic, serial_shops,
          nicolae_shop_temple_entry_statues_fountains, minmay_pentomino_z4
D:2:      minmay_spotlight, layout_rooms, basic_altar,
          dreamdust_ecumenical_altar_hidden_monk_grotto,
          minmay_misc_feat_pillars
D:3:      minmay_roachtagon, layout_rooms, zin_treasury, dk_noncrumbling_3,
          palyth_stone_intersect, uniq_grinder
D:4:      layout_basic, mainiacjoe_overflow_cross_hatched, enter_ossuary_3
D:5:      lemuel_ratsnest, layout_basic, serial_shops, shop, uniq_eustachio

Skill      XL: |  1  2  3  4  5  6  7 |
---------------+----------------------+-----
Dodging        | 2 3 |  3.3
Unarmed Combat | 4 5 |  5.7
Spellcasting   | 3 4 |  4.1
Transmutations | 3 |  3.7
Staves         | 1 |  1.7
Stealth        | 1 |  1.5
Fighting       | |  1.5
Poison Magic   | |  0.7

Action                   |  1- 3 |  4- 6 |  7- 9 || total
-------------------------+-------+-------+-------++-------
Melee: Unarmed           |    86 |    44 |    38 ||   168
       Kick              |    13 |    21 |     7 ||    41
       Tailslap          |     7 |    13 |    11 ||    31
       Headbutt          |     4 |    14 |     2 ||    20
       Punch             |     2 |       |     1 ||     3
       Staff             |       |    82 |    76 ||   158
 Cast: Beastly Appendage |    20 |    18 |     2 ||    40
       Wereblood         |       |     5 |     1 ||     6
       Spider Form       |       |     3 |     6 ||     9
Evoke: Wand              |       |       |     2 ||     2
  Use: Scroll            |     8 |     3 |     1 ||    12
       Potion            |       |     6 |     3 ||     9
 Stab: Sleeping          |       |     1 |     2 ||     3
       Distracted        |       |     1 |       ||     1
Armor: Skin              |    53 |    51 |    53 ||   157
Dodge: Dodged            |    70 |   101 |   123 ||   294

Table legend: (Time is in decaauts)
 A = Elapsed time spent in this place.
 B = Non-inter-level travel time spent in this place.
 C = Inter-level travel time spent in this place.
 D = Time resting spent in this place.
 E = Time spent auto-exploring this place.
 F = Levels seen in this place.
 G = Mean time per level.
                   A        B        C        D        E       F      G
               +--------+--------+--------+--------+--------+-----+--------+
         Total |   4451 |   1276 |   3175 |    371 |      9 |   5 |  890.2 |
       Dungeon |   4451 |   1276 |   3175 |    371 |      9 |   5 |  890.2 |
               +--------+--------+--------+--------+--------+-----+--------+

Top non-repeatable levels by time:
     D:3: 1153 daAuts
     D:4: 1027 daAuts
     D:1: 979 daAuts
     D:2: 707 daAuts
     D:5: 583 daAuts
